Cogmind - Beta 9.2 @@@ ROGUE MODE // 2019.12.12 @ 15:39:37 Player: Fleshy Vegetable Bird Result: Destroyed by as-93670 with Assembled Heavy Rifle Performance ------------- Evolutions (0) 0 Regions Visited (2) 400 Robots Destroyed (32) 160 Value Destroyed (348) 348 Prototype IDs (2) 40 Alien Tech Used (0) 0 Bonus (0) 0 TOTAL SCORE: 948 Bonus ------- None Cogmind --------- Core Integrity 0/250 Matter 255/300 Energy 264/265 System Corruption 0% Temperature Cool (183) Movement Treading (180) Ox1 Location -10/Mines Parts ------- > --- POWER (1) -------- Reinforced Ion Engine > --- PROPULSION (2) --- Light Treads Wheel > --- UTILITY (2) ------ Medium Storage Unit Large Storage Unit > --- WEAPON (2) ------- Assault Rifle > --- INVENTORY (14) --- Reinforced Ion Engine Light Treads Wheel Hacking Suite Mining Laser Plasma Cutter Peak State ------------ > --- POWER ------------ Reinforced Ion Engine > --- PROPULSION ------- Wheel Wheel > --- UTILITY ---------- Small Storage Unit Small Storage Unit > --- WEAPON ----------- Spread Laser Spread Laser > --- INVENTORY -------- Reinforced Ion Engine Wheel Wheel Assault Rifle Light Assault Rifle Grenade Launcher Mining Laser Plasma Cutter [Rating: 11] Favorites ----------- Power Reinforced Ion Engine Engine Reinforced Ion Engine Propulsion Wheel Treads Light Treads Wheel Wheel Utility Medium Storage Unit Storage Medium Storage Unit Weapon Spread Laser Energy Gun Spread Laser Ballistic Gun Light Assault Rifle Launcher Grenade Launcher Build | -11 -10 -10 ------- Run | Scr Mat Min Slots Evolved . | . . . Power . | . . . Propulsion . | . . . Utility . | . . . Weapon . | . . . Parts Attached 21 | 7 10 4 Power 3 | 1 2 . Engine 3 | 1 2 . Core . | . . . Reactor . | . . . Propulsion 4 | 2 1 1 Treads 1 | . . 1 Leg . | . . . Wheel 3 | 2 1 . Hover . | . . . Flight . | . . . Utility 4 | 2 2 . Device . | . . . Storage 4 | 2 2 . Processor . | . . . Hackware . | . . . Protection . | . . . Artifact . | . . . Weapon 10 | 2 5 3 Energy Gun 5 | . 4 1 Energy Cannon . | . . . Ballistic Gun 3 | 2 . 1 Ballistic Cannon . | . . . Launcher 2 | . 1 1 Special Weapon . | . . . Impact Weapon . | . . . Slashing Weapon . | . . . Piercing Weapon . | . . . Special Melee Weapon . | . . . Unidentified Prototypes . | . . . Parts Lost 7 | . 3 4 Power . | . . . Propulsion 2 | . 1 1 Utility . | . . . Weapon 5 | . 2 3 Highest Loss Streak 3 | . 3 2 Average Slot Usage (%) 97 | . 99 95 Engine 14 | . 14 14 Wheel 26 | . 28 24 Storage 28 | . 28 28 Energy Gun 17 | . 18 17 Ballistic Gun 2 | . 4 . Launcher 6 | . 4 8 Naked Turns . | . . . Heaviest Build 40 | 13 40 40 Greatest Support 20 | 20 20 20 Greatest Overweight (x) 3 | 1 1 3 Average Overweight (x) . | . . 1 Largest Inventory Capacity 14 | 8 14 14 Average Capacity 11 | 6 10 14 Most Carried 10 | 7 10 9 Average Carried 7 | 3 7 8 Final Capacity 14 | 8 14 14 Final Carried 8 | 7 8 6 Class Distribution -------------------- 100% | Mutant Dominant Class ---------------- Mutant | -10/Materials Mutant | -10/Mines Resources | -11 -10 -10 ----------- Run | Scr Mat Min Matter Collected 556 | 314 91 151 Remotely . | . . . Salvage Created 452 | 198 131 123 Parts 43 | 10 26 7 Haulers Intercepted 2 | . 2 . Recyclers Shooed 4 | 1 1 2 Parts Field Recycled . | . . . Retrieved Matter . | . . . Parts Self-Destructed . | . . . Prevented . | . . . Kills | -11 -10 -10 ------- Run | Scr Mat Min Combat Hostiles Destroyed 20 | . 9 11 Guns 5 | . . 5 AOE 15 | . 9 6 Classes Destroyed 9 | 3 3 3 Worker 3 | 1 1 1 Tunneler 5 | 4 . 1 Hauler 2 | . 2 . Recycler 1 | 1 . . Operator 1 | . 1 . Swarmer 12 | . 9 3 Grunt 2 | . . 2 Demolisher 1 | . . 1 Assembled 5 | . . 5 Best Kill Streak 12 | 3 12 4 Combat Bots Only 6 | . 6 3 Max Kills in Single Turn 3 | 1 3 2 Gunslinging . | . . . Exploded 3 | . 3 2 Melee . | . . . Uniques/NPCs Destroyed . | . . . Combat | -11 -10 -10 -------- Run | Scr Mat Min Damage Taken 836 | . 316 520 Core 267 | . 112 155 Absorbed by Shields . | . . . Core Remaining (%) 100 | 100 . . Volleys Fired 80 | 22 21 37 Largest 2 | 2 2 2 Hottest 130 | 40 130 130 Shots Fired 120 | 44 26 50 Gun 105 | 44 16 45 Cannon . | . . . Launcher 15 | . 10 5 Special . | . . . Kinetic 54 | 44 . 10 Thermal 51 | . 16 35 Explosive 15 | . 10 5 Electromagnetic . | . . . Robot Hit Streak 12 | 9 12 7 Robot Miss Streak 12 | 2 11 12 Penetration Max . | . . . Secondary Targets . | . . . Shots Hit Robots 90 | 30 20 40 Core Hits 87 | 13 27 47 Critical Hits . | . . . Critical Kills . | . . . Critical Parts Destroyed . | . . . Melee Attacks . | . . . Impact . | . . . Slashing . | . . . Piercing . | . . . Sneak Attacks . | . . . Combat Hostiles . | . . . Follow-up Attacks . | . . . Damage Inflicted 1834 | 238 814 782 Guns 782 | 238 150 394 Cannons . | . . . Explosions 1052 | . 664 388 Melee . | . . . Ramming . | . . . Kinetic 330 | 238 . 92 Thermal 452 | . 150 302 Explosive 1052 | . 664 388 Electromagnetic . | . . . Impact . | . . . Slashing . | . . . Piercing . | . . . Highest Corruption . | . . . Average Corruption . | . . . Corruption Purged . | . . . Overload Shots . | . . . Overflow Damage 70 | . 70 . Projectiles . | . . . Explosions 70 | . 70 . Melee . | . . . Knockbacks . | . . . Impact . | . . . Kinetic . | . . . Secondary . | . . . Self-Inflicted Damage 183 | . 183 . Shots 2 | . 2 . Rammed . | . . . Targets Rammed . | . . . Kicked . | . . . Crushed . | . . . Highest Temperature 374 | . 163 374 Average Temperature 99 | . 54 122 Received Heat Transfer 136 | . 24 112 Effects 1 | . . 1 Interference 1 | . . 1 Siege Activations . | . . . Robots Corrupted . | . . . Combat Hostiles . | . . . Parts Fried . | . . . Impact Corruptions . | . . . Robots Melted . | . . . Combat Hostiles . | . . . Parts Melted . | . . . Heat Transferred 570 | . 185 385 Parts Sabotaged . | . . . Parts Stolen . | . . . Parts Stripped . | . . . Power Chain Reactions . | . . . Missiles Intercepted . | . . . Alert | -11 -10 -10 ------- Run | Scr Mat Min Peak Influence 331 | 30 326 331 Average Influence 175 | 11 162 241 Maximum Alert Level 1 | . 1 1 Low Security (%) 55 | 100 61 35 Level 1 44 | . 38 64 Level 2 . | . . . Level 3 . | . . . Level 4 . | . . . Level 5 . | . . . High Security . | . . . Max Security . | . . . Squads Dispatched 2 | . 2 . Investigation 1 | . 1 . Extermination . | . . . Reinforcement 1 | . 1 . Assault . | . . . Garrison . | . . . Intercept . | . . . Construction Impeded . | . . . Haulers Reinforced . | . . . Stealth | -11 -10 -10 --------- Run | Scr Mat Min Distress Signals . | . . . Communications Jammed . | . . . Distress Signals . | . . . Times Spotted 39 | . 18 21 Peak Tracking Total 8 | . 8 8 Tactical Retreats 3 | . 3 . Traps | -11 -10 -10 ------- Run | Scr Mat Min Traps Triggered . | . . . Indirectly . | . . . Trap Hack Attempts . | . . . Triggered . | . . . Disarmed . | . . . Reprogrammed . | . . . Reused . | . . . Traps Extracted . | . . . Installed . | . . . Triggered . | . . . Machines | -11 -10 -10 ---------- Run | Scr Mat Min Machines Disabled 3 | . 2 1 Max in Single Turn 2 | . 2 1 Machines Sabotaged . | . . . Garrisons Compromised . | . . . Overloaded Fab Kills . | . . . Fab Network Shutdowns . | . . . Hacking | -11 -10 -10 --------- Run | Scr Mat Min Machines Accessed 4 | . 4 . Terminals 4 | . 4 . Fabricators . | . . . Repair Stations . | . . . Recycling Units . | . . . Scanalyzers . | . . . Garrison Access . | . . . Total Hacks 20 | . 20 . Successful 13 | . 13 . Failed 6 | . 6 . Catastrophic . | . . . Database Lockouts 1 | . 1 . Manual 15 | . 15 . Terminals 20 | . 20 . Fabricators . | . . . Repair Stations . | . . . Recycling Units . | . . . Scanalyzers . | . . . Garrison Access . | . . . Terminal Hacks 7 | . 7 . Part Schematic 2 | . 2 . Robot Analysis 1 | . 1 . Prototype ID Bank 1 | . 1 . Terminal Index 1 | . 1 . Locate Traps 1 | . 1 . Zone Layout 1 | . 1 . Fabricator Hacks . | . . . Repair Station Hacks . | . . . Recycling Unit Hacks . | . . . Scanalyzer . | . . . Garrison Access Hacks . | . . . Unauthorized Hacks 16 | . 16 . Terminals 6 | . 6 . Track 2 | . 2 . Botnet 4 | . 4 . Fabricators . | . . . Repair Stations . | . . . Recycling Units . | . . . Scanalyzers . | . . . Garrison Access . | . . . Data Cores Recovered . | . . . Used . | . . . Hacking Detections 3 | . 3 . Full Trace Events . | . . . Feedback Events . | . . . Feedback Blocked . | . . . Robot Schematics Acquired . | . . . Robots Built . | . . . Matter . | . . . Time . | . . . Total Robot Build Rating . | . . . Part Schematics Acquired 2 | . 2 . Parts Built . | . . . Matter . | . . . Time . | . . . Total Part Build Rating . | . . . Parts Repaired . | . . . Time . | . . . Parts Recycled . | . . . Recycled Matter . | . . . Retrieved Matter . | . . . Retrieved Components . | . . . Parts Scanalyzed . | . . . Part Schematics Acquired . | . . . Parts Damaged . | . . . Bothacking | -11 -10 -10 ------------ Run | Scr Mat Min Used RIF Installer . | . . . Robots Hacked . | . . . Non-combat . | . . . Combat . | . . . Robot Hacks Applied . | . . . Relay Couplers Released . | . . . Robots Rewired . | . . . Allies Hacked . | . . . Hacks Repelled . | . . . Allies | -11 -10 -10 -------- Run | Scr Mat Min Total Allies . | . . . Largest Group . | . . . Highest-Rated Group . | . . . Highest-Rated Ally . | . . . Total Orders . | . . . Ally Attacks . | . . . Total Damage . | . . . Kills . | . . . Allies Corrupted . | . . . Allies Melted . | . . . Intel | -11 -10 -10 ------- Run | Scr Mat Min Robot Analysis Total 1 | . 1 . Derelict Logs Recovered 1 | . . 1 Drone Launches . | . . . Drone Recoveries . | . . . Exploration | -11 -10 -10 ------------- Run | Scr Mat Min Turns Passed 781 | 136 250 395 Spaces Moved 575 | 70 195 310 Core 12 | 12 . . Treads 1 | . . 1 Legs . | . . . Wheels 562 | 58 195 309 Hover . | . . . Flight . | . . . Fastest Speed 50 | 50 80 90 Average Speed 89 | 79 88 92 Slowest Speed 180 | 100 90 180 Overloaded Moves . | . . . Propulsion Burnouts . | . . . Robots Hopped . | . . . Cave-ins Triggered . | . . . Exploration Rate (%) 40 | 5 55 60 Regions Visited 2 Branch Regions 1 Pre-discovered Areas 1 | . . 1 Known Exits Taken . | . . . Unknown Exits Taken 2 | 1 1 . Scrap Searched 3 | . . 3 Spaces Dug . | . . . Terrain Destroyed 110 | . 76 34 Melee . | . . . Projectile . | . . . AOE 110 | . 76 34 Actions | -11 -10 -10 --------- Run | Scr Mat Min Total 732 | 116 247 369 Wait 17 | . . 17 Move 573 | 69 194 310 Hop . | . . . Pick Up 30 | 16 13 1 Fast Attach . | . . . Attach 13 | 7 3 3 Detach . | . . . Swap 8 | . 7 1 Drop 11 | 2 9 . Fire 80 | 22 21 37 Melee . | . . . Ram . | . . . Kick . | . . . Crush . | . . . Escape Stasis . | . . . Rewire . | . . . Trap . | . . . Miscellaneous . | . . . Route ------- -11/Scrapyard -10/Materials (discovered 2 exits: [*Mat] / [*Min]) -10/Mines (discovered 2 exits: [*Mat x2]) History --------- Turn | Location | Event 26 | -11/Scrapyard | Discovered new exit (range 15) 137 | -11/Scrapyard | Entered Materials 229 | -10/Materials | Discovered new exit (range 10) 290 | -10/Materials | Discovered new exit (range 12) 301 | -10/Materials | Build established: Mutant 335 | -10/Materials | Lost 3 parts (1n2w) 379 | -10/Materials | Central database locked down 387 | -10/Materials | Entered Mines 398 | -10/Mines | Learned location of Storage (-7) 499 | -10/Mines | Discovered new exit (range 15) 535 | -10/Mines | Discovered new exit (range 14) 640 | -10/Mines | Assembled infested the area 645 | -10/Mines | Assisted by a Guerilla fighting off Assembled 660 | -10/Mines | Core integrity fell below 50% 768 | -10/Mines | Core integrity fell below 20% 782 | -10/Mines | Destroyed by as-93670 with Assembled Heavy Rifle Last Messages --------------- 00712_ Destroyed Shock Absorption System. 00716_ U-05 Engineer lays Concrete. 00717_ K-01 Serf collects debris. 00723_ U-05 Engineer lays Concrete. 00725_ U-05 Engineer builds a Wall. 00725_ K-01 Serf collects debris. 00727_ as-90018 sneak attacks. 00727_ U-05 Engineer system corrupted by crushing effect. 00728_ U-05 Engineer system terminally corrupted. 00729_ K-01 Serf collects debris. 00732_ as-90018 destroyed. 00736_ Acquired 7 matter. 00744_ The unstable cave ceiling collapses. 00749_ Spread Laser destroyed. 00751_ Overheating: System interference. 00751_ Spread Laser temporarily disabled. 00761_ as-34678 destroyed. 00767_ as-10189 destroyed. 00771_ as-72078 destroyed. 00772_ Spread Laser destroyed. Map ----- +----------------------------------------------------+ | | | | | | | | | | | | | | | | | | | | | | | ?????????????????????????????????????????????????? | | ?????????????????????????????????????????????????? | | ?????????????????????????#####???????????????????? | | ????????????????????????? ##?????????????????? | | ????????????????????????? ######????????????? | | ????????????????????????? ???????????? | | ?????????????????????????? ????????????? | | ?????????????????????????? #?????????????? | | ??????????????????????????? #??????????????? | | ??????????????????????????? ##?????????????? | | ?????????????????????????### % ##????????????? | | ?????????????????????????# # % "" ##???????????? | | ???????????######???????## "" #???????????? | | ?????????### # ##?????## % """ ########????? | | ????????## # #?##### @ a ????? | | ????????# ### # a #??????????? | | ????????## ## #### ##?????????? | | ???????## ### %##???# #??? | | ???????# ### ##????## ## ??? | | ???????# #?# #??????## #??###### ??? | | ???????# ####?# #???????# #????????????????? | | ???????## ####### ######### #????????????????? | | ????????## ## #????????????????? | | ?????????#" # # #########???????????????? | | ?????????## # #????## ##??????????????? | | ????????## # #????# ##?????????????? | | ???????## ###### ##????????????? | | ???????# """ ####?????????? | | ??????## """ % ##????###?? | | ??????# """ %######## ! ! ##??## ##? | | ??????# ## #???# ! #### #? | | ??????# ## ## #???## #? | | ??????## ### #### # # #????### #? | | ???????## ##?# #####??????## #### #? | | ????????# ########## #???????????## ### #??# #? | | ????????# #???# #????????????####?# #??# #? | | ????????###### #???#%#?????????????????# #??# #? | | ????????????## ##### #?????????????????# #??# #? | | ????????????# #?????????????????# #?## #? | +----------------------------------------------------+ Best States ------------- Heat Dissipation 25 Energy Generation 12 Energy Capacity 265 Matter Stores 300 Matter Capacity 300 Sight Range 16 Terrain Scan Density 10 Evasion (%) 44 Recoil Reduction 1 Item Schematics ----------------- Lrg. Storage Unit | -10/Materials | Hacked Hcp. Storage Unit | -10/Materials | Hacked Robot Schematics ------------------ None Fabricated ------------ Nothing Alien Tech Used ----------------- None Achievements -------------- None Challenges ------------ None Game ------ Seed ShieldAntigravRail Manual? 0 Play Time 00:08:55 Cumulative 232.0 hours Start 2019.12.12 @ 15:30:05 End 2019.12.12 @ 15:39:37 Sessions 1 Manual Loads 0 Difficulty Rogue Special Mode None Game No. 304 Rogue 304 Adventurer 0 Explorer 0 Win Type - Total 2 Types 1/0/0/1/0/0/0 Lore% 58 Gallery% 79 Achievement% 55 Wizard Run 0 Options --------- ASCII 0 Keyboard 0 Movement Numpad Keybinds 0 Fullscreen 1 Font 16/Terminus Map View 75x55 Tactical HUD 1 Map Filters NONE Filters NONE Steam 1 RUN: fc29ccb8-ba5d-419b-a26e-65b8e028f331